 Dungeon Crawl Stone Soup version 0.22-a0-396-g3f858e3 (webtiles) character file.

198 raistware the Magician (level 5, -2/35 HPs)
             Began as a Mummy Wizard on May 3, 2018.
             Killed from afar by Natasha (6 damage)
             ... with a magic dart
             ... on level 3 of the Dungeon.
             The game lasted 00:09:56 (3050 turns).

raistware the Magician (Mummy Wizard)               Turns: 3050, Time: 00:09:57

Health: -2/35      AC:  4    Str: 10    XL:     5   Next: 47%
Magic:  10/12      EV: 12    Int: 19    God:
Gold:   85         SH:  0    Dex: 10    Spells: 3/14 levels left

rFire    x . .     SeeInvis .   l - +0 trident
rCold    + . .     Gourm    .   (no shield)
rNeg     + + +     Faith    .   a - +0 robe
rPois    ∞         Spirit   .   b - +0 hat
rElec    .         Reflect  .   r - +0 cloak (curse)
rCorr    .         Harm     .   o - +0 pair of gloves
MR       .....                  (no boots)
Stlth    ++........             (no amulet)
HPRegen  0.11/turn              (no ring)
MPRegen  0.13/turn              (no ring)

@: no status effects
A: no food or potions, fire vulnerability, cold resistance 1, negative energy
resistance 3, torment resistance, unbreathing
a: no special abilities


You were on level 3 of the Dungeon.
You were not hungry.

You visited 1 branch of the dungeon, and saw 3 of its levels.

You collected 85 gold pieces.

Inventory:

Hand Weapons
 d - a +0 dagger
 l - a +0 trident (weapon)
Missiles
 c - 87 stones (quivered)
Armour
 a - a +0 robe (worn)
 b - a +0 hat (worn)
 o - a +0 pair of gloves (worn)
 r - a cursed +0 cloak (worn)
Wands
 n - a wand of flame (13)
 q - a wand of polymorph (15)
Scrolls
 e - 3 scrolls of blinking {unknown}
 f - a scroll of remove curse
 g - a scroll of immolation {unknown}
 h - a scroll of enchant weapon {unknown}
 i - a scroll of noise {unknown}
 j - 2 scrolls of amnesia {unknown}
 k - a scroll of random uselessness {unknown}
 m - a scroll of identify {unknown}
 p - a scroll of teleportation {unknown}


   Skills:
 - Level 1.5 Dodging
 - Level 1.5 Stealth
 + Level 5.1 Spellcasting
 * Level 3.8 Conjurations
 - Level 1.0 Summonings
 - Level 1.0 Translocations


You had 3 spell levels left.
You knew the following spells:

 Your Spells              Type           Power        Failure   Level  Hunger
a - Magic Dart            Conj           ###.         2%          1    N/A
b - Blink                 Tloc           N/A          12%         2    N/A
c - Call Imp              Summ           #.......     12%         2    N/A
d - Conjure Flame         Conj/Fire      ##......     17%         3    N/A
e - Mephitic Cloud        Conj/Pois/Air  #.......     22%         3    N/A

Dungeon Overview and Level Annotations

Branches:
Dungeon (3/15)

Altars:
Ashenzari

Annotations:
D:3 Natasha


Innate Abilities, Weirdness & Mutations

You do not eat or drink.
Your flesh is vulnerable to fire.
You are immune to poison.
Your flesh is cold resistant. (rC+)
You are immune to negative energy. (rN+++)
You are immune to unholy pain and torment.
You can survive without breathing.


Message History

The gnoll appears confused.
Casting: Mephitic Cloud (safe; 22% risk of failure)
Confirm with . or Enter, or press ? or * to list all spells.
Okay, then.
You feel a bit more experienced.
Natasha, Servant of Life and Death comes into view.
Natasha casts a spell at you. You resist with some effort.
Things that are here:
a ring mail; a short sword Natasha casts a spell.
Natasha mumbles some strange words.
Natasha mumbles some strange words.
You feel troubled. Natasha casts a spell at you. The magic dart hits you!
* * * LOW HITPOINT WARNING * * *
Natasha stares at you and mumbles some strange words.
The magic dart hits you!
You die...

#.).# ##########
#...# #.)......#
##'## #.######.#
♣♣.♣ # #.# #.# ♣.♣♣
##########.## #)#
♣♣.♣ ............#
#.# ♣.♣♣
.[..######..#####.#
♣♣.♣♣
.........h......@.#
♣...♣♣
....#############.#
♣....♣ ....# #.#
#....# ..### ####.#
##..##### ###
#....# #...##.# #
#.#### ##.###.# #
#.# #.# #.# # #.#
#.###.# # #<#
#.....#


You could see Natasha.

Vanquished Creatures
  Crazy Yiuf (D:3)
  Natasha (D:3)
  3 adders
  5 gnolls
  An ooze (D:3)
  A worm (D:3)
  A dart slug (D:2)
  2 leopard geckos
  5 orcs (D:3)
  A giant cockroach (D:2)
  4 goblins
  7 hobgoblins
  2 jackals (D:1)
  4 kobolds
  2 quokkas
  7 bats
  2 frilled lizards
  6 rats
55 creatures vanquished.

Vanquished Creatures (collateral kills)
  Ijyb (D:3)
  A hobgoblin (D:3)
  A rat (D:3)
3 creatures vanquished.

Grand Total: 58 creatures vanquished

Notes
Turn   | Place    | Note
-------+----------+-------------------------------------------
     0 | D:1      | raistware the Mummy Wizard began the quest for the Orb.
     0 | D:1      | Reached XP level 1. HP: 13/13 MP: 5/5
     8 | D:1      | Reached skill level 1 in Conjurations
   360 | D:1      | Reached XP level 2. HP: 9/19 MP: 5/7
   364 | D:1      | Learned a level 2 spell: Blink
   367 | D:1      | Learned a level 2 spell: Call Imp
   472 | D:1      | Found a shattered altar of Ashenzari.
  1099 | D:2      | Reached XP level 3. HP: 21/24 MP: 0/8
  1134 | D:2      | Learned a level 3 spell: Conjure Flame
  1574 | D:3      | Noticed Ijyb
  1836 | D:3      | Killed Ijyb
  1836 | D:3      | Reached XP level 4. HP: 6/30 MP: 1/10
  2141 | D:3      | Noticed Natasha
  2160 | D:3      | Killed Natasha
  2261 | D:3      | Learned a level 3 spell: Mephitic Cloud
  2418 | D:3      | Found a runed door.
  2422 | D:3      | Noticed Crazy Yiuf
  2429 | D:3      | Killed Crazy Yiuf
  2429 | D:3      | Reached XP level 5. HP: 35/35 MP: 1/12
  2721 | D:3      | Reached skill level 5 in Spellcasting
  3021 | D:3      | Reached skill level 1 in Summonings
  3021 | D:3      | Reached skill level 1 in Translocations
  3030 | D:3      | Noticed Natasha
  3050 | D:3      | Killed from afar by Natasha

Vault maps used:
D:1:      dpeg_arrival_arbitrary_c, kennysheep_small_spiral,
          evilmike_ruin_ashenzari
D:3:      gammafunk_temple_overflow_pools, uniq_crazy_yiuf_cottage, uniq_ijyb,
          uniq_natasha, uniq_jessica

Skill      XL: |  1  2  3  4  5 |
---------------+----------------+-----
Conjurations   | 1 2 3 |  3.8
Spellcasting   | 5 |  5.1
Summonings     | 1 |  1.0
Translocations | 1 |  1.0
Dodging        | |  1.5
Stealth        | |  1.5

Action                   |  1- 3 |  4- 6 || total
-------------------------+-------+-------++-------
Melee: Dagger            |    36 |       ||    36
       Short sword       |     2 |       ||     2
       Trident           |     9 |    37 ||    46
 Cast: Magic Dart        |    66 |    37 ||   103
       Call Imp          |     5 |     1 ||     6
       Conjure Flame     |       |     5 ||     5
       Mephitic Cloud    |       |     9 ||     9
Evoke: Wand              |       |     6 ||     6
  Use: Scroll            |     1 |       ||     1
 Stab: Sleeping          |     3 |       ||     3
       Confused          |       |     5 ||     5
Armor: Robe              |     9 |     2 ||    11
Dodge: Dodged            |    51 |    22 ||    73

Table legend:
 A = Spawn XP
 B = Non-spawn XP
 C = Spawn XP percentage of total XP
 D = Spawn monster count
 E = Non-spawn monster count
 F = Spawn count percentage of total count
 G = Total turns spent on level
                    A         B        C        D         E        F      G
               +---------+---------+-------+---------+---------+-------+---------
         Total |       0 |     283 |   0.0 |       0 |      58 |   0.0 |  3050
               +---------+---------+-------+---------+---------+-------+---------
           D:1 |       0 |      20 |   0.0 |       0 |      10 |   0.0 |   916
           D:2 |       0 |      71 |   0.0 |       0 |      22 |   0.0 |  1037
           D:3 |       0 |     192 |   0.0 |       0 |      26 |   0.0 |  1097
               +---------+---------+-------+---------+---------+-------+---------
